 Dungeon Crawl Stone Soup version 0.19-a0-854-gc78d25d (webtiles) character file.

3409 4thArraOfDagon the Grappler (level 9, -5/88 HPs)
             Began as a Troll Abyssal Knight on July 1, 2016.
             Was an Elder of Lugonu.
             Slain by a gnoll sergeant
             ... wielding a +0 halberd
              (20 damage)
             ... in a bailey.
             The game lasted 00:11:28 (2641 turns).

4thArraOfDagon the Grappler (Troll Abyssal Knight)  Turns: 2641, Time: 00:11:29

Health: -5/88      AC:  5    Str: 22    XL:     9   Next: 75%
Magic:  12/12      EV: 12    Int:  9    God:    Lugonu [****..]
Gold:   283        SH:  0    Dex: 11    Spells: 0 memorised, 8 levels left

rFire  . . .     SeeInvis +       - Unarmed
rCold  . . .     Gourm    +     a - +0 robe
rNeg   . . .     Faith    .     (no shield)
rPois  .         Spirit   .     (helmet restricted)
rElec  .         Dismiss  .     (no cloak)
rCorr  .         Reflect  .     (gloves unavailable)
SustAt .         Harm     .     (boots unavailable)
MR     .....                    h - amulet of magic regeneration
Stlth  +.........               (no ring)
                                i - ring of see invisible

@: not resistant to hostile enchantments, very unstealthy
A: unfitting armour, claws 3, fast metabolism 3, gourmand, regeneration 2,
shaggy fur 1, tough skin 2
a: Depart the Abyss, Bend Space, Banish, Corrupt, Renounce Religion


You were in a bailey.
You worshipped Lugonu.
Lugonu was greatly pleased with you.
You were very full.

You visited 1 branch of the dungeon, and saw 9 of its levels.
You visited the Abyss 1 time.
You also visited: Sewer and Bailey.

You collected 283 gold pieces.

Inventory:

Hand Weapons
 t - a +0 giant spiked club
Armour
 a - a +0 robe (worn)
Jewellery
 h - an amulet of magic regeneration (around neck)
 i - a ring of see invisible (left claw)
Wands
 n - a wand of heal wounds (4/9)
 r - a wand of paralysis (13/24)
 s - a wand of flame (17/48)
Scrolls
 e - 2 scrolls of fear
 f - 2 scrolls of teleportation
 o - 3 scrolls of remove curse
 p - 2 scrolls of blinking
 u - a scroll of identify
 v - a scroll of noise
Potions
 d - 3 potions of heal wounds
 g - 2 potions of flight
 k - 4 potions of curing
 m - 2 potions of brilliance
Comestibles
 b - 4 bread rations
 c - a beef jerky
 q - a royal jelly


   Skills:
 + Level 5.6 Fighting
 + Level 5.5 Dodging
 * Level 9.1 Unarmed Combat
 + Level 5.8 Invocations


You had 8 spell levels left.
You didn't know any spells.

Dungeon Overview and Level Annotations

Branches:
Dungeon (9/15)
 Temple: D:4-7         Lair: D:8-11         Orc: D:9-12

Altars:
Cheibriados
Okawaru


Innate Abilities, Weirdness & Mutations

You are too large for most types of armour.
You have claws for hands.
Your metabolism is lightning-fast.
You like to eat raw meat.
You heal very quickly.
You are covered in fur. (AC +1)
You have very tough skin. (AC +2)


Message History

The gnoll sergeant hits you with a halberd!
* * * LOW HITPOINT WARNING * * *
The gnoll sergeant closely misses you.
Unknown command.
Unknown command.
You feel much better.
The gnoll sergeant hits you with a halberd!
* * * LOW HITPOINT WARNING * * *
The gnoll sergeant hits you but does no damage.
Unknown command.
You claw the gnoll sergeant!
The gnoll sergeant is moderately wounded.
The gnoll sergeant closely misses you.
The gnoll sergeant hits you with a halberd!
* * * LOW HITPOINT WARNING * * *
Unknown command.
Unknown command.
Unknown command.
The gnoll sergeant hits you from afar with a halberd!!
You die...

8... ##'## ≈♣
....##...## ≈♣
..##.....## ≈♣
.g#.......# ≈♣
###(#...8$..# ≈♣
#..g#.......#
#...##.....##
#..g.##...## ♣
#8..gg##@##
♣≈#....g#..)#
♣≈##...gg...+
♣≈.##..(#...#
♣≈..#####.).#####
♣≈................
♣≈≈...............
♣♣≈≈≈≈≈≈≈≈≈≈≈≈≈≈≈≈
♣♣♣♣♣♣♣♣♣♣♣♣♣♣♣♣♣


You could see a gnoll sergeant and a gnoll shaman.

Vanquished Creatures
  The ghost of 4thArraOfDagon the Cleaver, a novice MiCK of Xom (D:7)
  Sigmund (D:5)
  2 humans (D:7)
  2 hippogriffs (D:8)
  2 water moccasins
  A sky beast (D:7)
  2 ogres (D:8)
  2 ice beasts
  The ghost of CypherZel the Ducker, an amateur DsGl of Makhleb (Sewer)
  A crocodile (D:7)
  4 big kobolds (Sewer)
  3 gnoll sergeants (Bailey)
  3 giant frogs
  A scorpion (D:6)
  The ghost of Charly the Charmwright, a weakling CeSk (D:3)
  A crimson imp (D:5)
  The ghost of Amnesiac the Conjurer, a weakling TeWz (D:4)
  A giant frog zombie (D:8)
  4 hounds
  A centaur skeleton (D:8)
  An orc priest (D:8)
  A giant frog skeleton (D:6)
  2 gnoll shamans (Bailey)
  Ijyb (D:3)
  2 killer bee zombies
  12 gnolls
  4 adders
  An ooze (Sewer)
  7 giant geckos
  18 orcs
  6 ball pythons (Sewer)
  6 giant cockroaches
  7 goblins
  3 hobgoblins (D:1)
  6 jackals (D:1)
  12 kobolds
  3 quokkas
  3 bats
  A giant newt (D:6)
  A rat (D:3)
132 creatures vanquished.

Notes
Turn   | Place    | Note
-------+----------+-------------------------------------------
     0 | Abyss:1  | 4thArraOfDagon the Troll Abyssal Knight began the quest for the Orb.
     0 | Abyss:1  | Reached XP level 1. HP: 22/22 MP: 1/1
    26 | Abyss:1  | jacquesderrida: Turnon
    34 | Abyss:2  | Found a corrupted altar of Lugonu.
    43 | Abyss:2  | jacquesderrida: The little greek mane
    51 | Abyss:2  | Noticed a blink frog
    52 | Abyss:2  | Noticed a blink frog
    63 | D:1      | Escaped the Abyss
   128 | D:1      | Reached * piety under Lugonu
   133 | D:1      | Reached XP level 2. HP: 29/29 MP: 2/2
   263 | D:2      | jacquesderrida: Or not
   273 | D:2      | jacquesderrida: Lol
   302 | D:2      | jacquesderrida: I mixed up him with TOLIAS
   315 | D:2      | jacquesderrida: Shiiiiiiiiiiiiiiiiiiiiet
   419 | D:3      | Noticed Charly's ghost (weakling CeSk)
   433 | D:3      | Reached XP level 3. HP: 24/36 MP: 3/3
   587 | D:3      | Noticed Ijyb
   595 | D:3      | Killed Ijyb
   595 | D:3      | Reached skill level 3 in Unarmed Combat
   595 | D:3      | Reached XP level 4. HP: 44/44 MP: 4/4
   601 | D:3      | Reached ** piety under Lugonu
   614 | D:3      | Killed Charly's ghost
   725 | D:3      | Found a glowing drain.
   741 | Sewer    | Entered a sewer
   758 | Sewer    | Noticed a big kobold
   771 | Sewer    | Killed a big kobold
   771 | Sewer    | Reached XP level 5. HP: 36/53 MP: 4/6
   803 | Sewer    | Noticed CypherZel's ghost (amateur DsGl)
   833 | Sewer    | Killed CypherZel's ghost
   833 | Sewer    | Reached skill level 4 in Unarmed Combat
   833 | Sewer    | Reached XP level 6. HP: 32/61 MP: 7/7
   895 | Sewer    | 4thArraOfDagon: sec
  1010 | Sewer    | Reached skill level 5 in Unarmed Combat
  1046 | D:3      | Reached XP level 7. HP: 63/67 MP: 8/8
  1144 | D:4      | Found a snail-covered altar of Cheibriados.
  1145 | D:4      | Noticed Amnesiac's ghost (weakling TeWz)
  1150 | D:4      | Killed Amnesiac's ghost
  1177 | D:5      | Entered Level 5 of the Dungeon
  1187 | D:5      | Reached *** piety under Lugonu
  1304 | D:5      | Noticed Sigmund
  1316 | D:5      | Killed Sigmund
  1556 | D:6      | Reached skill level 6 in Unarmed Combat
  1695 | D:7      | Reached XP level 8. HP: 77/78 MP: 10/10
  1728 | D:7      | Found an iron altar of Okawaru.
  1768 | D:7      | Noticed 4thArraOfDagon's ghost (novice MiCK)
  1788 | D:7      | Killed 4thArraOfDagon's ghost
  1788 | D:7      | Reached skill level 7 in Unarmed Combat
  1800 | D:7      | 4thArraOfDagon: this is like
  1800 | D:7      | 4thArraOfDagon: 4thGhosta
  1828 | D:8      | Reached XP level 9. HP: 71/87 MP: 11/11
  1851 | D:8      | Reached skill level 5 in Invocations
  1928 | D:7      | Reached skill level 5 in Fighting
  1960 | D:7      | Reached skill level 8 in Unarmed Combat
  1964 | D:7      | Reached skill level 5 in Dodging
  2126 | D:8      | Reached **** piety under Lugonu
  2393 | D:9      | Found a flagged portal.
  2410 | Bailey   | Entered a bailey
  2425 | Bailey   | n bad
  2562 | Bailey   | Reached skill level 9 in Unarmed Combat
  2641 | Bailey   | Slain by a gnoll sergeant

Vault maps used:
D:1:      eino_arrival_cavern_b
D:3:      marbit_many_paths, portal_sewer_entry_f, first_bread, uniq_iyjb
D:4:      cheibriados_altar_1
D:5:      uniq_sigmund
D:6:      serial_co_window_serial, co_window_corner_a, co_window_corner_a,
          co_window_paths_b, co_window_corner_a, co_window_of_opportunity_a,
          co_window_corner_ca, co_window_corner_b, co_window_2corner,
          co_window_of_opportunity_b, co_window_unsneaky_path_b,
          co_window_cross_4, co_window_paths_c, glass_columns_b,
          glass_columns_b, glass_columns_b, glass_columns_c, glass_columns_a,
          serial_shops, nicolae_shop_waterfront, led_sif_pool
D:7:      okawaru_humans
D:8:      minmay_lair_entry_lava, grunt_livestock
D:9:      enter_bailey_3, nicolae_qazlal_eye_of_the_storm
Sewer:    kennysheep_pipe_town
Bailey:   bailey_polearm_gnolls_kennysheep, bailey

Skill      XL: |  1  2  3  4  5  6  7  8  9 |
---------------+----------------------------+-----
Dodging        | 2 3 4 5 |  5.5
Invocations    | 2 3 4 5 |  5.8
Unarmed Combat | 3 4 5 6 7 9 |  9.1
Fighting       | 3 4 5 |  5.6

Action                   |  1- 3 |  4- 6 |  7- 9 || total
-------------------------+-------+-------+-------++-------
Melee: Unarmed           |    85 |   127 |   270 ||   482
       Punch             |       |       |    11 ||    11
Throw: Throwing net      |       |       |     2 ||     2
Invok: Depart the Abyss  |     1 |       |       ||     1
  Use: Scroll            |     2 |     4 |     5 ||    11
       Potion            |       |     8 |     5 ||    13
 Stab: Sleeping          |       |       |     1 ||     1
  Eat: Chunk             |    11 |     4 |    14 ||    29
Armor: Robe              |    48 |    53 |    59 ||   160
Dodge: Dodged            |    56 |    93 |   155 ||   304
